Map: Lightshade LE

Players

rottenorange

  • Race: Zerg Zerg
  • League: Gold
  • Spawn Location: 11:00

crsy - Winner!

  • Race: Protoss Protoss
  • League: Platinum
  • Spawn Location: 5:00

VOD

Have the link to the VOD?

Description

Time

  • Played on: Oct. 11, 2020, 7:07 a.m.
  • Length: 11:17
Show
View Real Time Build Order
Export as new Build Order

rottenorange Zerg 

Build Orders: Hatch First 

Get SALT Encoding   

  12  0:00  Drone  
  13  0:13  Overlord  
  13  0:17  Drone  
  14  0:31  Drone x2  
  16  0:50  Hatchery  
  15  1:02  Drone x2  
  17  1:05  Extractor  
  16  1:13  Spawning Pool  
  16  1:18  Drone  
  16  1:25  Drone x2  
  18  1:35  Drone  
  19  1:53  Drone  
  20  2:05  Queen  
  20  2:06  Metabolic Boost  
  20  2:08  Queen  
  24  2:09  Overlord  
  25  2:15  Drone x2  
  26  2:29  Drone  
  27  2:30  Drone x3  
  30  2:43  Queen  
  32  2:46  Drone x2  
  34  2:51  Overlord  
  34  3:05  Hatchery  
  33  3:25  Drone  
  33  3:26  Drone x10  
  44  3:35  Overlord  
  44  3:40  Lair  
  44  4:00  Drone x8  
  52  4:14  Extractor  
  52  4:16  Drone  
  52  4:23  Spore Crawler  
  51  4:26  Spore Crawler  
  50  4:33  Extractor  
  49  4:39  Overlord x4  
  49  4:48  Evolution Chamber  
  49  4:49  Drone  
  49  4:50  Hydralisk Den  
  48  5:00  Drone  
  48  5:01  Extractor, Drone x8  
  56  5:17  Overlord x3  
  56  5:21  Hatchery, Zerg Missile Weapons Level 1  
  56  5:27  Roach Warren  
  56  5:28  Hydralisk x5  
  64  5:36  Spine Crawler x2  
  64  5:37  Spore Crawler, Spine Crawler  
  60  5:50  Queen x2  
  64  6:03  Overseer x3  
  64  6:04  Overseer  
  64  6:10  Overseer  
  64  6:22  Spine Crawler  
  64  6:23  Drone  
  64  6:24  Drone x6  
  64  6:25  Roach, Spine Crawler  
  71  6:26  Roach x8  
  87  6:32  Overseer  
  87  6:35  Queen  
  87  6:36  Drone  
  87  6:38  Drone x3  
  93  7:07  Roach  
  93  7:08  Roach x12  
  119  7:12  Glial Reconstitution  
  119  7:14  Grooved Spines  
  119  7:18  Zerg Ground Armor Level 1  
  119  7:25  Overlord x4  
  119  7:41  Extractor, Drone  
  119  7:42  Overlord x3  
  119  7:43  Extractor  
  118  7:45  Roach  
  118  7:46  Roach x4  
  128  7:54  Drone x2  
  130  8:09  Pneumatized Carapace  
  130  8:11  Hydralisk  
  130  8:12  Hydralisk x6  
  100  8:35  Hydralisk x5  
  95  8:51  Drone  
  95  8:52  Drone x4  
  95  8:54  Hydralisk x2  
  95  8:55  Hydralisk x2  
  108  8:59  Zergling x4  
  108  9:00  Zergling x18  
  87  9:25  Hydralisk  
  87  9:26  Hydralisk x6  
  91  9:44  Roach x7  
  105  10:00  Hydralisk x4  
  73  10:22  Hydralisk x5  
  81  10:32  Zergling x6  
  81  10:33  Zergling x12  
Show
View Real Time Build Order
Export as new Build Order

crsy Protoss - Winner!

Build Orders: 1 Gate Expand, Double Forge, Chargelot Immortal 

Get SALT Encoding   

  12  0:00  Probe  
  13  0:12  Probe  
  14  0:22  Pylon  
  14  0:24  Probe  
  15  0:40  Probe (Chrono Boost)  
  16  0:44  Gateway  
  16  0:49  Assimilator  
  16  0:52  Probe (Chrono Boost)  
  17  0:57  Probe (Chrono Boost)  
  18  1:08  Probe  
  18  1:10  Pylon  
  19  1:32  Nexus  
  19  1:35  Probe  
  20  1:52  Cybernetics Core  
  20  1:54  Probe (Chrono Boost)  
  21  1:59  Assimilator  
  21  2:04  Probe (Chrono Boost)  
  22  2:14  Gateway  
  22  2:17  Zealot  
  22  2:19  Probe  
  25  2:24  Warp Gate (Chrono Boost)  
  25  2:32  Probe  
  26  2:44  Probe x2  
  26  2:47  Pylon  
  26  2:51  Sentry  
  30  2:58  Probe x2  
  31  3:00  Robotics Facility  
  31  3:03  Sentry  
  34  3:10  Probe  
  34  3:11  Probe  
  36  3:24  Probe  
  36  3:25  Forge x2  
  36  3:26  Probe  
  38  3:37  Probe (Chrono Boost)  
  40  3:41  Probe (Chrono Boost)  
  41  3:49  Observer, Probe (Chrono Boost), Pylon  
  41  3:55  Probe x2 (Chrono Boost)  
  43  3:56  Protoss Ground Armor Level 1 (Chrono Boost)  
  44  4:03  Probe x2  
  44  4:05  Stalker  
  44  4:06  Stalker  
  44  4:09  Protoss Ground Weapons Level 1 (Chrono Boost)  
  50  4:10  Pylon  
  50  4:20  Assimilator  
  50  4:23  Immortal, Assimilator  
  54  4:34  Zealot x2  
  58  4:44  Twilight Council  
  58  4:52  Probe (Chrono Boost)  
  60  4:54  Probe (Chrono Boost)  
  60  5:04  Probe (Chrono Boost)  
  62  5:08  Immortal, Probe (Chrono Boost)  
  66  5:22  Gateway x2  
  66  5:24  Gateway  
  66  5:25  Gateway  
  66  5:29  Nexus  
  66  5:33  Pylon  
  66  5:40  Charge  
  66  5:48  Immortal (Chrono Boost)  
  70  5:56  Protoss Ground Weapons Level 2 (Chrono Boost), Probe x2  
  72  6:01  Protoss Ground Armor Level 2 (Chrono Boost)  
  72  6:02  Pylon  
  72  6:08  Probe x2  
  74  6:12  Zealot x2  
  78  6:22  Pylon  
  78  6:24  Shield Battery  
  78  6:26  Photon Cannon  
  78  6:28  Probe x2  
  80  6:34  Pylon  
  80  6:37  Immortal (Chrono Boost)  
  83  7:00  Probe x3  
  86  7:08  Photon Cannon  
  86  7:09  Warp Prism (Chrono Boost)  
  86  7:12  Probe x3  
  91  7:16  Templar Archives  
  91  7:18  Pylon  
  91  7:20  Stalker  
  91  7:22  Sentry x2  
  97  7:24  Probe x3  
  100  7:36  Zealot x2, Probe x2  
  100  7:37  Zealot  
  108  7:55  Psionic Storm  
  108  7:58  Gateway, High Templar x3  
  108  7:59  Gateway, High Templar  
  108  8:01  Gateway  
  116  8:10  Stalker x2  
  104  8:33  Stalker  
  104  8:34  Stalker x5  
  110  8:54  Gateway  
  110  8:55  Gateway  
  110  8:57  Gateway  
  110  8:58  Gateway, Probe x3  
  110  9:00  Gateway x3  
  110  9:01  Assimilator  
  113  9:05  Assimilator  
  113  9:06  Zealot x4  
  115  9:22  Zealot x3  
  115  9:23  Zealot x2  
  109  9:44  Zealot x6  
  109  9:45  Zealot  
  123  10:01  Pylon  
  123  10:02  Pylon  
  123  10:09  High Templar  
  123  10:14  Immortal  
  125  10:17  Nexus  
  113  10:24  High Templar x3  
  113  10:25  High Templar x2  
  123  10:29  Archon x2  
  123  10:33  Stalker  
  123  10:34  Zealot x8  
  141  10:52  High Templar  
  141  10:55  Zealot x4  
  131  11:09  Stalker x3  
  131  11:10  Stalker x3  
Tags
 
Add a new tag
Caveats
  • Supply blocks, unpowered buildings, or Contaminate may cause inaccurate times.
  • Supply counts are checked every 10 seconds.